 Dungeon Crawl Stone Soup version 0.29.0-4-gdea44cf6ec (webtiles) character file.

Game seed: 3466663221751202371

113 qw the Chopper (level 4, -1/26 HPs)
             Began as a Tengu Warper on Aug 28, 2022.
             Slain by Grinder (3 damage)
             ... on level 3 of the Dungeon.
             The game lasted 00:00:17 (2998 turns).

qw the Chopper (Tengu Warper)                       Turns: 2998, Time: 00:00:17

Health: -1/26      AC:  3    Str: 13    XL:     4   Next: 96%
Magic:  8/8        EV: 12    Int: 14    God:
Gold:   142        SH:  0    Dex: 13    Spells: 7/7 levels left

rFire   . . .      SeeInvis .   Y - +0 war axe
rCold   . . .      Faith    .   (no shield)
rNeg    . . .      Spirit   .   b - +0 leather armour
rPois   .          Reflect  .   (helmet restricted)
rElec   .          Harm     .   e - scarf {repulsion}
rCorr   .          Rampage  .   (no gloves)
Will    .....                   (boots unavailable)
Stlth   +.........              (no amulet)
HPRegen 0.08/turn               (no ring)
MPRegen 0.11/turn               (no ring)

@: repel missiles
A: beak, talons 3
a: no special abilities


You were on level 3 of the Dungeon.
You visited 1 branch of the dungeon, and saw 3 of its levels.

You collected 187 gold pieces.
You spent 45 gold pieces at shops.


Innate Abilities, Weirdness & Mutations

You have a beak for a mouth.
You have claws for feet.


   Skills:
 - Level 2.0 Fighting
 + Level 5.4 Axes
 - Level 1.0 Throwing
 - Level 1.1 Armour
 - Level 2.1 Dodging
 - Level 2.0 Spellcasting
 - Level 2.4 Translocations


You had 7 spell levels left.
You didn't know any spells.
Your spell library contained the following spells:

 Spells                   Type           Power      Damage    Failure   Level
 Blink                    Tloc           16%        N/A       17%         2
 Gell's Gravitas          Tloc           8%         N/A       34%         3
 Lesser Beckoning         Tloc           8%         N/A       34%         3
 Teleport Other           Tloc           8%         N/A       34%         3
 Manifold Assault         Tloc           8%         N/A       97%         5

Inventory:

Hand Weapons
 i - a +2 flail of protection
 Y - a +0 war axe (weapon)
Missiles
 j - 5 boomerangs (quivered)
 o - a javelin
Armour
 b - a +0 leather armour (worn)
 e - a scarf of repulsion (worn)
 h - an orb of energy
Jewellery
 k - an amulet of regeneration
Scrolls
 a - a scroll of identify {unknown}
 m - a scroll of magic mapping {unknown}
 n - 2 scrolls of teleportation {unknown}
Potions
 c - a potion of curing {unknown}
 d - a potion of flight {unknown}
 f - a potion of heal wounds {unknown}
 g - a potion of magic {unknown}
 l - 2 potions of brilliance {unknown}

Dungeon Overview and Level Annotations

Branches:
Dungeon (3/15)

Altars:
Makhleb

Shops:
D:2 (

Annotations:
D:3 Grinder


Message History

The adder misses you.
You barely miss the adder.
The adder is heavily wounded.
The adder closely misses you. The adder barely misses you.
You barely miss the adder.
The adder is heavily wounded.
The adder misses you.
You hit the adder. You claw the adder, but do no damage.
The adder is almost dead.
The adder barely misses you. x2
You hit the adder.
You kill the adder!
The ball python bites you but does no damage.
The ball python barely misses you.
You hit the ball python.
You kill the ball python!
You see here an adder corpse.
k - an amulet of regeneration
n - a scroll labelled HAITYSK NENING
o - a javelin
n - 2 scrolls labelled HAITYSK NENING (gained 1)
Things that are here:
a +0 dagger; a +0 robe
There is a stone staircase leading down here.
Grinder comes into view.
Grinder shouts!
Grinder blinks!
You hit Grinder. Your peck misses Grinder.
Grinder is lightly wounded.
Grinder barely misses you.
You closely miss Grinder. You claw Grinder. Your peck misses Grinder.
Grinder is lightly wounded.
Grinder hits you!
You barely miss Grinder. You claw Grinder. You peck Grinder.
Grinder is moderately wounded.
Grinder hits you.
You writhe in agony.
You closely miss Grinder.
Grinder is moderately wounded.
Grinder hits you.
You writhe in agony.
Grinder hits you.
You die...

#...).......#######.#
##(#######.....).##.#
##.## ###>.......#
.#..# ##...#####
.##.# ##..# ###.##
##..##### #..#
#......># ##.#
#.......# # #>###
#...@5..#
####...######.......#
.##........##.......#
...........##.......#
###...>....##.......#
###########.......#
#.......# #.......#


You could see Grinder.

Vanquished Creatures
  Jessica (D:3)
  2 adders
  3 dart slugs
  An orc (D:3)
  8 ball pythons
  4 bats
  8 endoplasms
  5 giant cockroaches
  2 goblins (D:2)
  3 hobgoblins
  3 kobolds
  3 quokkas
  9 frilled lizards
  9 rats
61 creatures vanquished.

Notes
Turn   | Place    | Note
-------+----------+-------------------------------------------
     0 | D:1      | qw the Tengu Warper began the quest for the Orb.
     0 | D:1      | Reached XP level 1. HP: 12/12 MP: 4/4
     0 | D:1      | 0 ||| qw: Version: 0.1-a-89-g26bdef1
     0 | D:1      | 0 ||| qw: Game counter: 1492
     0 | D:1      | 0 ||| qw: Always use a shield: true
     0 | D:1      | 0 ||| qw: God list: Okawaru
     0 | D:1      | 0 ||| qw: Allow faded altars: false
     0 | D:1      | 0 ||| qw: Do Orc after D:15 true
     0 | D:1      | 0 ||| qw: Do second Lair branch before Depths: true
     0 | D:1      | 0 ||| qw: Lair rune preference: random
     0 | D:1      | 0 ||| qw: Plans: Normal
     0 | D:1      | 0 ||| PLANNING D:1-11
    25 | D:1      | 25 ||| Stepping ~*~*~tactically~*~*~ (stealth).
    27 | D:1      | 27 ||| Stepping ~*~*~tactically~*~*~ (stealth).
    29 | D:1      | 29 ||| Stepping ~*~*~tactically~*~*~ (stealth).
    51 | D:1      | 51 ||| Stepping ~*~*~tactically~*~*~ (stealth).
   268 | D:1      | Reached XP level 2. HP: 17/17 MP: 6/6
   269 | D:1      | 269 ||| Stepping ~*~*~tactically~*~*~ (hiding).
   277 | D:1      | Reached skill level 3 in Axes
  1073 | D:1      | 1073 ||| Stepping ~*~*~tactically~*~*~ (stealth).
  1074 | D:1      | 1074 ||| Stepping ~*~*~tactically~*~*~ (stealth).
  1139 | D:1      | 1139 ||| Stepping ~*~*~tactically~*~*~ (stealth).
  1186 | D:1      | Reached XP level 3. HP: 9/21 MP: 7/7
  1472 | D:1      | Reached skill level 4 in Axes
  1547 | D:1      | 1547 ||| UPGRADING to scarf of repulsion.
  1552 | D:1      | 1552 ||| READING scroll labelled UNOS DYUSEYZEKK.
  1553 | D:1      | 1553 ||| DRINKING 3 fizzy ruby potions.
  1592 | D:1      | 1592 ||| DROPPING scroll of blinking.
  1593 | D:1      | 1593 ||| DROPPING 2 potions of lignification.
  1604 | D:2      | Found a burning altar of Makhleb.
  1632 | D:2      | 1632 ||| FLEEEEING.
  1633 | D:2      | 1633 ||| FLEEEEING.
  1637 | D:2      | 1637 ||| FLEEEEING.
  1863 | D:2      | 1863 ||| Stepping ~*~*~tactically~*~*~ (stealth).
  1865 | D:2      | Found a faded altar of an unknown god.
  1866 | D:2      | 1866 ||| Stepping ~*~*~tactically~*~*~ (hiding).
  2165 | D:2      | Found Webont's Weapon Emporium.
  2174 | D:2      | 2174 ||| BUYING +0 war axe (45 gold).
  2174 | D:2      | Bought a +0 war axe for 45 gold pieces
  2174 | D:2      | 2174 ||| SWAPPING to +0 war axe.
  2175 | D:2      | 2175 ||| DROPPING +0 hand axe.
  2249 | D:2      | Reached XP level 4. HP: 26/26 MP: 8/8
  2411 | D:2      | 2411 ||| READING scroll labelled RESAAGI UVIUNG.
  2412 | D:2      | 2412 ||| READING scroll labelled ZEIGYA OFESE.
  2413 | D:2      | 2413 ||| READING scroll labelled SUFODU KEOG.
  2513 | D:3      | Noticed Jessica
  2514 | D:3      | 2514 ||| Stepping ~*~*~tactically~*~*~ (hiding).
  2523 | D:3      | Killed Jessica
  2524 | D:3      | Reached skill level 5 in Axes
  2625 | D:3      | 2625 ||| DROPPING +0 flail.
  2992 | D:3      | Noticed Grinder
  2998 | D:3      | HP: 4/26 [Grinder (3)]
  2998 | D:3      | Slain by Grinder

Levels and vault maps discovered:
D:1:      dpeg_arrival_oval, layout_rooms, minmay_tall_x
D:2:      layout_loops_ring, serial_shops, shop,
          hellmonk_ecumenical_altar_blasted, basic_altar,
          chequers_serial_rivers_micro_e, minmay_surrounded
D:3:      layout_rooms, uniq_grinder, uniq_jessica

Skill      XL: |  1  2  3  4 |
---------------+-------------+-----
Axes           | 3 4 5 |  5.4
Fighting       | |  2.0
Throwing       | |  1.0
Armour         | |  1.1
Dodging        | |  2.1
Spellcasting   | |  2.0
Translocations | |  2.4

Action                   |  1- 3 |  4- 6 || total
-------------------------+-------+-------++-------
Melee: Hand axe          |    98 |       ||    98
       Kick              |    18 |    11 ||    29
       Peck              |    11 |     2 ||    13
       War axe           |     1 |    34 ||    35
Throw: Boomerang         |    12 |    10 ||    22
       Javelin           |     9 |     7 ||    16
  Use: Scroll            |     1 |     3 ||     4
       Potion            |     1 |       ||     1
 Stab: Sleeping          |       |     1 ||     1
Armor: Leather armour    |    15 |     9 ||    24
Dodge: Dodged            |    47 |    18 ||    65
       Repelled          |     1 |       ||     1

Table legend:
 A = Non-vault XP
 B = Vault XP
 C = Vault XP percentage of total XP
 D = Non-vault monster count
 E = Vault monster count
 F = Vault count percentage of total count
                 A         B        C        D         E       F
            +---------+---------+-------+---------+---------+-------
      Total |     114 |      48 |  29.6 |      54 |       7 |  11.5
            +---------+---------+-------+---------+---------+-------
        D:1 |      43 |       7 |  14.0 |      27 |       4 |  12.9
        D:2 |      45 |       4 |   8.2 |      18 |       2 |  10.0
        D:3 |      26 |      37 |  58.7 |       9 |       1 |  10.0
            +---------+---------+-------+---------+---------+-------
